2705 views
Uploaded 2021-08-06 16:30:19
Game version 1.32.10
20:08 long 4on4 ladder game on (8)MarketSquare
Saved by AskeLange
2705 views
Uploaded 2021-08-06 16:30:19
Game version 1.32.10
20:08 long 4on4 ladder game on (8)MarketSquare


153 units @ 17.8k
/ 1.7k
88 buildings @ 12.2k
/ 4.7k

| Moonstone | 2 | 100 |
| Potion of Healing | 3 | 450 |
| Potion of Mana | 2 | 400 |
| Dust of Appearance | 2 | 150 |
| total: | 9 | 1100g |
| Wisp | 14 | 840 | / | 0 |
| Archer | 13 | 1690 | / | 130 |
| Hippogryph | 9 | 1440 | / | 180 |
| total: | 36 | 3970g | / | 310w |
| Ancient Protector | 2 | 270 | / | 160 |
| Altar of Elders | 1 | 180 | / | 50 |
| Moon Well | 7 | 1260 | / | 280 |
| Ancient of War | 1 | 150 | / | 60 |
| Ancient of Wonders | 1 | 90 | / | 30 |
| Hunter's Hall | 1 | 210 | / | 100 |
| Tree of Life | 1 | 340 | / | 185 |
| Ancient of Wind | 2 | 300 | / | 280 |
| Tree of Ages | 1 | 320 | / | 180 |
| Tree of Eternity | 1 | 330 | / | 200 |
| total: | 16 | 2800g | / | 1145w |
| 0:04 | Wisp |
| 0:04 | Wisp |
| 0:04 | Wisp |
| 0:18 | Altar of Elders |
| 0:21 | Moon Well |
| 0:35 | Ancient of War |
| 0:43 | Wisp |
| 0:57 | Wisp |
| 0:59 | Wisp |
| 1:11 | Wisp |
| 1:23 | Wisp |
| 1:33 | Moon Well |
| 1:36 | Archer |
| 1:49 | Ancient of Wonders |
| 1:56 | Archer |
| 2:29 | Hunter's Hall |
| 2:36 | Force of Nature |
| 2:39 | Wisp |
| 2:39 | Wisp |
| 2:53 | Backpack |
| 2:59 | Archer |
| 3:09 | Wisp |
| 3:09 | Wisp |
| 3:38 | Ancient Protector |
| 3:41 | Strength of the Moon |
| 3:47 | Ancient Protector |
| 3:52 | Wisp |
| 4:02 | Archer |
| 4:11 | Wisp |
| 4:51 | Archer |
| 4:53 | Moon Armor |
| 5:11 | Tree of Ages |
| 5:46 | Moon Well |
| 5:54 | Moonstone |
| 6:05 | Reinforced Hides |
| 6:12 | Moon Well |
| 7:16 | Dust of Appearance |
| 7:33 | Moon Well |
| 7:37 | Ancient of Wind |
| 7:40 | Ancient of Wind |
| 7:41 | Improved Strength of the Moon |
| 7:44 | Improved Bows |
| 7:55 | Potion of Healing |
| 7:58 | Potion of Mana |
| 7:58 | Moonstone |
| 8:49 | Hippogryph |
| 8:51 | Hippogryph |
| 9:09 | Archer |
| 9:44 | Hippogryph |
| 9:53 | Hippogryph |
| 10:02 | Potion of Healing |
| 10:29 | Hippogryph |
| 10:34 | Archer |
| 10:54 | Hippogryph |
| 10:57 | Archer |
| 12:02 | Hippogryph |
| 12:03 | Archer |
| 12:36 | Tree of Eternity |
| 12:37 | Dust of Appearance |
| 12:38 | Potion of Healing |
| 12:40 | Potion of Mana |
| 12:58 | Improved Reinforced Hides |
| 13:55 | Moon Well |
| 14:04 | Improved Moon Armor |
| 14:17 | Entangling Roots |
| 14:57 | Advanced Strength of the Moon |
| 15:00 | Marksmanship |
| 15:17 | Hippogryph |
| 15:20 | Moon Well |
| 15:24 | Archer |
| 15:24 | Archer |
| 16:42 | Hippogryph |
| 16:43 | Archer |
| 16:47 | Well Spring |
| 17:14 | Archer |
| 18:11 | Entangling Roots |
| 18:23 | Thorns Aura |
| 19:05 | Advanced Moon Armor |
| 19:29 | Entangling Roots |
| 19:49 | Tree of Life |
| 19:56 | Advanced Reinforced Hides |
| Select group | 320 |
| Right click | 281 |
| Select | 265 |
| Build/train/purchase | 88 |
| Assign group | 14 |
| Use ability | 10 |

| Scroll of Town Portal | 1 | 350 |
| Boots of Speed | 1 | 250 |
| total: | 2 | 600g |
| Wisp | 24 | 1440 | / | 0 |
| Archer | 20 | 2600 | / | 200 |
| Hippogryph | 8 | 1280 | / | 160 |
| Faerie Dragon | 1 | 155 | / | 25 |
| total: | 53 | 5475g | / | 385w |
| Ancient Protector | 5 | 675 | / | 400 |
| Moon Well | 6 | 1080 | / | 240 |
| Altar of Elders | 1 | 180 | / | 50 |
| Ancient of War | 2 | 300 | / | 120 |
| Hunter's Hall | 1 | 210 | / | 100 |
| Tree of Life | 2 | 680 | / | 370 |
| Ancient of Wonders | 1 | 90 | / | 30 |
| Ancient of Wind | 2 | 300 | / | 280 |
| Tree of Ages | 1 | 320 | / | 180 |
| Tree of Eternity | 1 | 330 | / | 200 |
| total: | 20 | 3515g | / | 1590w |
| 0:03 | Wisp |
| 0:03 | Wisp |
| 0:03 | Wisp |
| 0:19 | Moon Well |
| 0:30 | Wisp |
| 0:34 | Altar of Elders |
| 0:40 | Wisp |
| 0:47 | Ancient of War |
| 1:01 | Wisp |
| 1:06 | Wisp |
| 1:06 | Wisp |
| 1:15 | Wisp |
| 1:32 | Wisp |
| 1:42 | Moon Well |
| 1:51 | Archer |
| 1:56 | Moon Well |
| 2:21 | Breath of Fire |
| 2:26 | Ancient of War |
| 2:29 | Wisp |
| 3:04 | Archer |
| 3:15 | Archer |
| 3:25 | Archer |
| 3:28 | Moon Well |
| 3:29 | Archer |
| 3:42 | Archer |
| 4:00 | Archer |
| 4:44 | Archer |
| 4:58 | Moon Well |
| 5:16 | Tree of Ages |
| 6:03 | Hunter's Hall |
| 6:22 | Drunken Brawler |
| 6:35 | Archer |
| 6:48 | Archer |
| 7:10 | Ancient Protector |
| 7:11 | Ancient Protector |
| 7:14 | Ancient Protector |
| 7:37 | Wisp |
| 7:38 | Wisp |
| 7:38 | Wisp |
| 7:51 | Improved Bows |
| 8:00 | Wisp |
| 8:00 | Wisp |
| 8:33 | Tree of Life |
| 8:39 | Ancient of Wind |
| 8:47 | Ancient of Wind |
| 8:52 | Wisp |
| 9:18 | Wisp |
| 9:34 | Breath of Fire |
| 9:34 | Drunken Brawler |
| 9:37 | Archer |
| 9:40 | Hippogryph |
| 9:50 | Hippogryph |
| 10:05 | Hippogryph |
| 10:35 | Hippogryph |
| 10:36 | Wisp |
| 11:30 | Tree of Life |
| 11:32 | Ancient Protector |
| 11:43 | Archer |
| 11:48 | Archer |
| 12:01 | Archer |
| 12:13 | Strength of the Moon |
| 12:29 | Wisp |
| 12:40 | Archer |
| 12:59 | Moon Well |
| 13:04 | Ancient Protector |
| 13:46 | Breath of Fire |
| 13:57 | Tree of Eternity |
| 14:18 | Improved Strength of the Moon |
| 14:24 | Archer |
| 14:31 | Ancient of Wonders |
| 14:59 | Scroll of Town Portal |
| 15:14 | Boots of Speed |
| 15:27 | Wisp |
| 15:27 | Wisp |
| 15:49 | Wisp |
| 15:49 | Wisp |
| 16:02 | Moon Armor |
| 16:19 | Marksmanship |
| 16:43 | Storm Earth and Fire |
| 16:53 | Archer |
| 16:54 | Hippogryph |
| 16:59 | Drunken Brawler |
| 17:10 | Advanced Strength of the Moon |
| 17:15 | Hippogryph |
| 18:04 | Archer |
| 18:05 | Hippogryph |
| 18:25 | Archer |
| 18:41 | Improved Moon Armor |
| 19:29 | Archer |
| 19:29 | Hippogryph |
| 19:48 | Faerie Dragon |
| Right click | 521 |
| Select group | 347 |
| Select | 268 |
| Build/train/purchase | 96 |
| Misc. action | 43 |
| Assign group | 34 |
| Use ability | 30 |
| Chat | 8 |
| Minimap ping | 1 |

| Peasant | 13 | 975 | / | 0 |
| Footman | 11 | 1485 | / | 0 |
| Knight | 9 | 2205 | / | 540 |
| total: | 33 | 4665g | / | 540w |
| Scout Tower | 13 | 390 | / | 260 |
| Arcane Tower | 3 | 210 | / | 150 |
| Guard Tower | 5 | 350 | / | 250 |
| Altar of Kings | 1 | 180 | / | 50 |
| Farm | 13 | 1040 | / | 260 |
| Barracks | 2 | 320 | / | 120 |
| Blacksmith | 2 | 280 | / | 120 |
| Lumber Mill | 3 | 360 | / | 0 |
| Arcane Vault | 3 | 390 | / | 90 |
| Town Hall | 1 | 385 | / | 205 |
| Keep | 1 | 320 | / | 210 |
| Castle | 1 | 360 | / | 210 |
| total: | 38 | 3345g | / | 1105w |
| 0:02 | Peasant |
| 0:02 | Peasant |
| 0:02 | Peasant |
| 0:19 | Altar of Kings |
| 0:35 | Farm |
| 0:50 | Barracks |
| 0:51 | Peasant |
| 0:51 | Peasant |
| 0:52 | Peasant |
| 1:01 | Farm |
| 1:10 | Peasant |
| 1:10 | Peasant |
| 1:33 | Peasant |
| 1:40 | Peasant |
| 1:50 | Farm |
| 1:52 | Footman |
| 1:54 | Scout Tower |
| 2:06 | Peasant |
| 2:07 | Footman |
| 2:15 | Farm |
| 2:20 | Breath of Fire |
| 2:25 | Arcane Tower |
| 3:03 | Farm |
| 3:37 | Keep |
| 3:43 | Blacksmith |
| 4:13 | Footman |
| 4:13 | Footman |
| 4:58 | Barracks |
| 5:16 | Lumber Mill |
| 5:23 | Blacksmith |
| 5:30 | Footman |
| 5:30 | Footman |
| 5:30 | Footman |
| 6:18 | Footman |
| 6:18 | Footman |
| 6:20 | Footman |
| 6:20 | Footman |
| 6:22 | Drunken Brawler |
| 6:53 | Castle |
| 7:25 | Improved Lumber Harvesting |
| 7:31 | Farm |
| 7:31 | Farm |
| 7:32 | Farm |
| 7:34 | Arcane Vault |
| 7:46 | Iron Forged Swords |
| 8:54 | Breath of Fire |
| 9:23 | Animal War Training |
| 9:26 | Farm |
| 9:26 | Farm |
| 9:30 | Iron Plating |
| 9:32 | Steel Forged Swords |
| 9:41 | Knight |
| 10:34 | Drunken Brawler |
| 10:51 | Town Hall |
| 10:54 | Lumber Mill |
| 10:56 | Lumber Mill |
| 11:17 | Scout Tower |
| 11:19 | Scout Tower |
| 11:20 | Scout Tower |
| 11:21 | Scout Tower |
| 11:24 | Knight |
| 11:27 | Farm |
| 11:47 | Steel Plating |
| 11:59 | Improved Masonry |
| 12:10 | Farm |
| 12:10 | Farm |
| 12:29 | Guard Tower |
| 12:40 | Mithril Forged Swords |
| 12:43 | Breath of Fire |
| 12:56 | Guard Tower |
| 13:04 | Peasant |
| 13:04 | Peasant |
| 13:34 | Storm Earth and Fire |
| 13:48 | Knight |
| 13:51 | Advanced Masonry |
| 13:52 | Mithril Plating |
| 14:07 | Knight |
| 14:46 | Knight |
| 14:51 | Guard Tower |
| 14:54 | Arcane Vault |
| 14:54 | Arcane Vault |
| 15:22 | Imbued Masonry |
| 15:23 | Advanced Lumber Harvesting |
| 16:10 | Drunken Brawler |
| 16:48 | Knight |
| 16:53 | Backpack |
| 17:08 | Scout Tower |
| 17:08 | Scout Tower |
| 17:08 | Scout Tower |
| 17:09 | Scout Tower |
| 17:09 | Scout Tower |
| 17:10 | Scout Tower |
| 17:11 | Scout Tower |
| 17:11 | Scout Tower |
| 17:26 | Knight |
| 18:17 | Drunken Haze |
| 18:30 | Knight |
| 18:30 | Knight |
| 18:58 | Black Gunpowder |
| 19:00 | Studded Leather Armor |
| 19:11 | Guard Tower |
| 19:13 | Arcane Tower |
| 19:28 | Arcane Tower |
| 19:31 | Guard Tower |
| 19:33 | Drunken Haze |
| Right click | 657 |
| Select | 283 |
| Select group | 162 |
| Misc. action | 93 |
| Build/train/purchase | 78 |
| Assign group | 31 |
| Use ability | 17 |
| Chat | 4 |


| Healing Salve | 4 | 400 |
| Lesser Clarity Potion | 5 | 350 |
| Orb of Lightning | 1 | 375 |
| total: | 10 | 1125g |
| Peon | 9 | 675 | / | 0 |
| Troll Headhunter | 8 | 1120 | / | 160 |
| Shaman | 5 | 650 | / | 100 |
| Troll Berserker | 5 | 700 | / | 100 |
| Troll Witch Doctor | 4 | 580 | / | 100 |
| total: | 31 | 3725g | / | 460w |
| Orc Burrow | 7 | 1120 | / | 280 |
| Altar of Storms | 1 | 180 | / | 50 |
| Voodoo Lounge | 1 | 130 | / | 30 |
| War Mill | 1 | 205 | / | 0 |
| Barracks | 1 | 180 | / | 50 |
| Great Hall | 1 | 385 | / | 185 |
| Spirit Lodge | 2 | 300 | / | 300 |
| Stronghold | 1 | 315 | / | 190 |
| Fortress | 1 | 325 | / | 190 |
| total: | 14 | 2500g | / | 895w |
| 0:06 | Peon |
| 0:06 | Peon |
| 0:11 | Orc Burrow |
| 0:12 | Altar of Storms |
| 0:21 | Peon |
| 0:38 | Peon |
| 0:50 | Peon |
| 1:04 | Voodoo Lounge |
| 1:08 | Peon |
| 1:22 | Peon |
| 1:29 | War Mill |
| 1:37 | Peon |
| 1:48 | Barracks |
| 2:05 | Orc Burrow |
| 2:11 | Healing Salve |
| 2:11 | Lesser Clarity Potion |
| 2:12 | Lesser Clarity Potion |
| 2:16 | Wind Walk |
| 2:28 | Orc Burrow |
| 2:46 | Peon |
| 3:33 | Troll Headhunter |
| 3:52 | Troll Headhunter |
| 4:29 | Troll Headhunter |
| 4:29 | Troll Headhunter |
| 4:57 | Troll Headhunter |
| 4:59 | Stronghold |
| 5:01 | Steel Ranged Weapons |
| 5:03 | Orc Burrow |
| 5:15 | Troll Headhunter |
| 6:22 | Critical Strike |
| 7:16 | Orc Burrow |
| 7:19 | Steel Armor |
| 8:13 | Critical Strike |
| 8:15 | Fortress |
| 8:17 | Spirit Lodge |
| 8:20 | Spirit Lodge |
| 8:22 | Healing Salve |
| 8:22 | Lesser Clarity Potion |
| 8:24 | Lesser Clarity Potion |
| 8:29 | Healing Salve |
| 8:34 | War Stomp |
| 8:42 | Troll Headhunter |
| 8:46 | Orc Burrow |
| 9:46 | Troll Regeneration |
| 9:48 | Shaman Adept Training |
| 9:48 | Witch Doctor Adept Training |
| 9:52 | Thorium Ranged Weapons |
| 11:21 | Shaman Master Training |
| 11:21 | Shaman |
| 12:00 | Shaman |
| 12:01 | Berserker Upgrade |
| 12:31 | Witch Doctor Master Training |
| 12:37 | Troll Headhunter |
| 12:52 | Orb of Lightning |
| 12:52 | Lesser Clarity Potion |
| 13:04 | Troll Berserker |
| 13:12 | Great Hall |
| 13:24 | Wind Walk |
| 13:41 | Troll Witch Doctor |
| 13:56 | Orc Burrow |
| 14:02 | Healing Salve |
| 14:08 | Endurance Aura |
| 15:19 | Endurance Aura |
| 15:29 | Troll Witch Doctor |
| 15:30 | Shaman |
| 16:02 | Troll Witch Doctor |
| 16:03 | Shaman |
| 16:56 | Troll Berserker |
| 16:57 | Troll Witch Doctor |
| 16:57 | Shaman |
| 18:43 | Troll Berserker |
| 19:23 | Critical Strike |
| 19:42 | Troll Berserker |
| 19:42 | Troll Berserker |
| 19:55 | Arcanite Ranged Weapons |
| Right click | 736 |
| Select group | 385 |
| Select | 301 |
| Misc. action | 172 |
| Build/train/purchase | 100 |
| Assign group | 56 |
| Use ability | 32 |
| Chat | 11 |
| Minimap ping | 7 |
| Remove unit | 1 |
| Esc | 1 |
111 units @ 14.6k
/ 1.4k
59 buildings @ 8.6k
/ 3.4k



| Rod of Necromancy | 1 | 150 |
| Potion of Healing | 1 | 150 |
| Orb of Corruption | 1 | 375 |
| Dust of Appearance | 1 | 75 |
| Scroll of Town Portal | 1 | 350 |
| Circlet of Nobility | 1 | 175 |
| total: | 6 | 1275g |
| Acolyte | 6 | 450 | / | 0 |
| Ghoul | 4 | 480 | / | 0 |
| Crypt Fiend | 6 | 1290 | / | 240 |
| Frost Wyrm | 3 | 1155 | / | 360 |
| total: | 19 | 3375g | / | 600w |
| Nerubian Tower | 1 | 100 | / | 20 |
| Graveyard | 1 | 215 | / | 0 |
| Crypt | 1 | 200 | / | 50 |
| Altar of Darkness | 1 | 180 | / | 50 |
| Ziggurat | 6 | 900 | / | 300 |
| Tomb of Relics | 1 | 130 | / | 30 |
| Slaughterhouse | 1 | 140 | / | 135 |
| Boneyard | 2 | 350 | / | 400 |
| Halls of the Dead | 1 | 320 | / | 210 |
| Black Citadel | 1 | 325 | / | 230 |
| total: | 13 | 2115g | / | 965w |
| 0:05 | Acolyte |
| 0:08 | Graveyard |
| 0:09 | Crypt |
| 0:21 | Acolyte |
| 0:43 | Altar of Darkness |
| 0:57 | Ziggurat |
| 1:10 | Ghoul |
| 1:22 | Tomb of Relics |
| 1:47 | Crypt Fiend |
| 1:58 | Ziggurat |
| 2:20 | Crypt Fiend |
| 2:32 | Nerubian Tower |
| 2:45 | Death Coil |
| 2:54 | Acolyte |
| 2:54 | Acolyte |
| 3:19 | Dust of Appearance |
| 3:31 | Acolyte |
| 3:41 | Acolyte |
| 3:56 | Crypt Fiend |
| 4:31 | Crypt Fiend |
| 4:57 | Crypt Fiend |
| 5:44 | Unholy Aura |
| 5:56 | Ziggurat |
| 6:13 | Rod of Necromancy |
| 6:36 | Crypt Fiend |
| 7:15 | Halls of the Dead |
| 7:18 | Ghoul |
| 7:18 | Ghoul |
| 8:39 | Death Coil |
| 8:52 | Circlet of Nobility |
| 9:09 | Ziggurat |
| 9:11 | Creature Attack |
| 9:37 | Black Citadel |
| 9:43 | Ghoul |
| 10:29 | Slaughterhouse |
| 10:48 | Burrow |
| 10:51 | Frost Nova |
| 11:35 | Potion of Healing |
| 12:09 | Boneyard |
| 12:34 | Boneyard |
| 12:56 | Frost Armor |
| 13:05 | Orb of Corruption |
| 13:09 | Impale |
| 13:51 | Web |
| 14:32 | Ziggurat |
| 14:33 | Ziggurat |
| 14:39 | Unholy Aura |
| 15:25 | Frost Wyrm |
| 15:25 | Frost Wyrm |
| 16:41 | Frost Wyrm |
| 17:01 | Frost Nova |
| 17:27 | Scroll of Town Portal |
| 18:00 | Death Coil |
| Select group | 1456 |
| Chat | 1260 |
| Right click | 949 |
| Select | 297 |
| Build/train/purchase | 59 |
| Use ability | 44 |
| Assign group | 36 |
| Misc. action | 15 |
| Item give/drop | 6 |
| Minimap ping | 2 |
| Esc | 1 |


| Potion of Healing | 1 | 150 |
| Dust of Appearance | 1 | 75 |
| Scroll of Healing | 2 | 500 |
| Scroll of Town Portal | 1 | 350 |
| Potion of Lesser Invulnerability | 2 | 300 |
| Rod of Necromancy | 1 | 150 |
| total: | 8 | 1525g |
| Wisp | 11 | 660 | / | 0 |
| Archer | 17 | 2210 | / | 170 |
| Hippogryph | 7 | 1120 | / | 140 |
| total: | 35 | 3990g | / | 310w |
| Altar of Elders | 1 | 180 | / | 50 |
| Moon Well | 7 | 1260 | / | 280 |
| Ancient of War | 2 | 300 | / | 120 |
| Ancient of Wonders | 1 | 90 | / | 30 |
| Ancient of Wind | 2 | 300 | / | 280 |
| Tree of Ages | 1 | 320 | / | 180 |
| total: | 13 | 2130g | / | 760w |
| 0:03 | Wisp |
| 0:03 | Wisp |
| 0:05 | Altar of Elders |
| 0:08 | Moon Well |
| 0:30 | Wisp |
| 0:37 | Ancient of War |
| 0:47 | Wisp |
| 0:52 | Wisp |
| 1:06 | Wisp |
| 1:26 | Moon Well |
| 1:33 | Wisp |
| 1:39 | Archer |
| 1:46 | Archer |
| 1:59 | Ancient of War |
| 2:04 | Mana Burn |
| 2:14 | Wisp |
| 2:23 | Moon Well |
| 2:36 | Archer |
| 2:41 | Wisp |
| 2:54 | Archer |
| 3:00 | Wisp |
| 3:17 | Archer |
| 3:25 | Archer |
| 3:48 | Archer |
| 4:16 | Archer |
| 4:35 | Archer |
| 4:50 | Archer |
| 5:01 | Archer |
| 5:26 | Moon Well |
| 5:56 | Archer |
| 6:22 | Tree of Ages |
| 6:35 | Archer |
| 6:44 | Archer |
| 6:58 | Immolation |
| 7:11 | Moon Well |
| 7:22 | Rod of Necromancy |
| 7:49 | Dust of Appearance |
| 8:12 | Ancient of Wonders |
| 8:49 | Scroll of Healing |
| 8:50 | Potion of Lesser Invulnerability |
| 8:58 | Ancient of Wind |
| 9:14 | Ancient of Wind |
| 9:25 | Improved Bows |
| 9:51 | Entangling Roots |
| 9:58 | Wisp |
| 10:05 | Hippogryph |
| 11:04 | Hippogryph |
| 11:10 | Archer |
| 11:12 | Immolation |
| 11:19 | Scroll of Town Portal |
| 11:20 | Potion of Healing |
| 11:29 | Archer |
| 11:39 | Hippogryph |
| 12:09 | Potion of Lesser Invulnerability |
| 12:22 | Scroll of Healing |
| 12:32 | Archer |
| 12:49 | Hippogryph |
| 13:17 | Hippogryph |
| 13:29 | Moon Well |
| 14:24 | Moon Well |
| 14:52 | Hippogryph |
| 16:04 | Hippogryph |
| 16:25 | Force of Nature |
| Right click | 549 |
| Assign group | 477 |
| Select | 414 |
| Chat | 335 |
| Select group | 261 |
| Build/train/purchase | 62 |
| Use ability | 23 |
| Item give/drop | 5 |
| Minimap ping | 2 |

| Potion of Healing | 1 | 150 |
| total: | 1 | 150g |
| Peon | 5 | 375 | / | 0 |
| Grunt | 7 | 1400 | / | 0 |
| Troll Headhunter | 6 | 840 | / | 120 |
| total: | 18 | 2615g | / | 120w |
| Watch Tower | 2 | 220 | / | 160 |
| Altar of Storms | 1 | 180 | / | 50 |
| Barracks | 1 | 180 | / | 50 |
| Orc Burrow | 8 | 1280 | / | 320 |
| War Mill | 1 | 205 | / | 0 |
| Voodoo Lounge | 1 | 130 | / | 30 |
| Stronghold | 1 | 315 | / | 190 |
| total: | 14 | 2195g | / | 610w |
| 0:06 | Altar of Storms |
| 0:08 | Barracks |
| 0:10 | Peon |
| 0:28 | Orc Burrow |
| 0:36 | Peon |
| 0:49 | Peon |
| 1:31 | Orc Burrow |
| 1:45 | Grunt |
| 2:03 | Grunt |
| 2:24 | Wind Walk |
| 2:33 | War Mill |
| 2:58 | Grunt |
| 3:32 | Grunt |
| 4:21 | Troll Headhunter |
| 4:21 | Troll Headhunter |
| 4:21 | Troll Headhunter |
| 5:08 | Stronghold |
| 6:10 | Orc Burrow |
| 7:14 | Orc Burrow |
| 7:16 | Steel Ranged Weapons |
| 7:26 | Voodoo Lounge |
| 7:30 | Peon |
| 8:42 | Critical Strike |
| 8:45 | Grunt |
| 8:45 | Grunt |
| 9:53 | Orc Burrow |
| 10:07 | Orc Burrow |
| 10:41 | Orc Burrow |
| 10:44 | Wind Walk |
| 10:58 | Thorium Ranged Weapons |
| 11:01 | Troll Headhunter |
| 11:04 | Grunt |
| 11:20 | Troll Headhunter |
| 11:20 | Troll Headhunter |
| 12:04 | Watch Tower |
| 12:08 | Watch Tower |
| 12:57 | Orc Burrow |
| 13:30 | Potion of Healing |
| 13:56 | Peon |
| Right click | 303 |
| Select | 232 |
| Build/train/purchase | 50 |
| Chat | 32 |
| Resource trade | 4 |
| Remove unit | 3 |
| Use ability | 1 |


| Scroll of Regeneration | 1 | 100 |
| Potion of Healing | 1 | 150 |
| Lesser Clarity Potion | 1 | 70 |
| Potion of Mana | 1 | 200 |
| Scroll of Town Portal | 1 | 350 |
| Ritual Dagger | 1 | 125 |
| total: | 6 | 995g |
| Peasant | 17 | 1275 | / | 0 |
| Footman | 7 | 945 | / | 0 |
| Rifleman | 7 | 1435 | / | 210 |
| Sorceress | 2 | 310 | / | 40 |
| Priest | 1 | 135 | / | 10 |
| Flying Machine | 5 | 500 | / | 150 |
| total: | 39 | 4600g | / | 410w |
| Scout Tower | 3 | 90 | / | 60 |
| Arcane Tower | 2 | 140 | / | 100 |
| Guard Tower | 1 | 70 | / | 50 |
| Altar of Kings | 1 | 180 | / | 50 |
| Farm | 7 | 560 | / | 140 |
| Barracks | 1 | 160 | / | 60 |
| Arcane Vault | 1 | 130 | / | 30 |
| Lumber Mill | 1 | 120 | / | 0 |
| Blacksmith | 1 | 140 | / | 60 |
| Town Hall | 1 | 385 | / | 205 |
| Arcane Sanctum | 1 | 150 | / | 140 |
| Workshop | 2 | 280 | / | 280 |
| Keep | 1 | 320 | / | 210 |
| Castle | 2 | 720 | / | 420 |
| total: | 19 | 2195g | / | 1025w |
| 0:03 | Peasant |
| 0:03 | Peasant |
| 0:03 | Peasant |
| 0:03 | Peasant |
| 0:20 | Altar of Kings |
| 0:36 | Farm |
| 0:49 | Barracks |
| 0:51 | Peasant |
| 0:51 | Peasant |
| 0:51 | Peasant |
| 1:05 | Peasant |
| 1:19 | Farm |
| 1:26 | Peasant |
| 1:47 | Farm |
| 1:50 | Footman |
| 1:53 | Farm |
| 1:58 | Footman |
| 2:07 | Footman |
| 2:19 | Arcane Vault |
| 2:28 | Thunder Clap |
| 2:31 | Footman |
| 2:32 | Footman |
| 2:38 | Scout Tower |
| 2:57 | Footman |
| 3:31 | Scout Tower |
| 3:39 | Footman |
| 3:40 | Arcane Tower |
| 3:43 | Lumber Mill |
| 3:56 | Blacksmith |
| 4:11 | Arcane Tower |
| 4:13 | Scout Tower |
| 4:53 | Guard Tower |
| 5:02 | Keep |
| 5:27 | Rifleman |
| 5:49 | Rifleman |
| 5:51 | Black Gunpowder |
| 6:23 | Rifleman |
| 6:30 | Ritual Dagger |
| 6:48 | Rifleman |
| 7:14 | Studded Leather Armor |
| 7:16 | Rifleman |
| 7:32 | Peasant |
| 7:57 | Storm Bolt |
| 8:23 | Town Hall |
| 8:36 | Arcane Sanctum |
| 8:50 | Scroll of Regeneration |
| 8:51 | Scroll of Town Portal |
| 9:03 | Potion of Healing |
| 9:07 | Lesser Clarity Potion |
| 9:18 | Potion of Mana |
| 9:32 | Improved Lumber Harvesting |
| 9:37 | Peasant |
| 9:45 | Sorceress |
| 9:49 | Peasant |
| 9:55 | Farm |
| 9:57 | Storm Bolt |
| 10:13 | Rifleman |
| 10:20 | Peasant |
| 10:23 | Sorceress |
| 11:02 | Priest |
| 11:05 | Farm |
| 11:26 | Rifleman |
| 11:35 | Holy Light |
| 12:04 | Workshop |
| 12:20 | Advanced Lumber Harvesting |
| 12:25 | Peasant |
| 12:26 | Peasant |
| 13:03 | Castle |
| 13:09 | Farm |
| 13:33 | Peasant |
| 13:33 | Peasant |
| 13:55 | Flying Machine |
| 13:55 | Flying Machine |
| 13:58 | Workshop |
| 14:20 | Flying Machine |
| 14:20 | Flying Machine |
| 14:41 | Flying Machine |
| Right click | 601 |
| Chat | 356 |
| Select group | 213 |
| Select | 211 |
| Build/train/purchase | 84 |
| Assign group | 31 |
| Minimap ping | 23 |
| Resource trade | 13 |
| Use ability | 12 |
| Esc | 4 |
| Item give/drop | 2 |
⇛